 Dungeon Crawl Stone Soup version 0.30-a0-782-ge64f9170bb (webtiles) character file.

Game seed: 17637498942252599390

193 mopl the Trooper (level 5, -1/42 HPs)
             Began as a Demonspawn Fighter on Mar 6, 2023.
             Succumbed to a gnoll's poison
             ... on level 4 of the Dungeon.
             The game lasted 00:02:57 (2183 turns).

mopl the Trooper (Demonspawn Fighter)               Turns: 2183, Time: 00:02:57

Health: -1/42      AC: 14    Str: 18    XL:     5   Next: 43%
Magic:  5/5        EV:  5    Int: 10    God:
Gold:   200        SH:  4    Dex: 12    Spells: 4/4 levels left

rFire   . . .      SeeInvis +    a - +0 war axe
rCold   . . .      Faith    .    c - +0 buckler
rNeg    . . .      Spirit   .    u - +0 plate armour
rPois   .          Reflect  .    (no helmet)
rElec   .          Harm     .    (no cloak)
rCorr   .          Rampage  .    i - +0 pair of gloves
Will    .....                    (no boots) Stlth
                                 (no amulet)
HPRegen 0.27/turn                r - ring of see invisible
MPRegen 0.09/turn                (no ring)

@: lethally poisoned (-1 -> -8), weakened
A: claws 1, molten scales 1
a: no special abilities


You were on level 4 of the Dungeon.
You visited 1 branch of the dungeon, and saw 4 of its levels.

You collected 200 gold pieces.

Inventory:

Hand Weapons
 a - a +0 war axe (weapon)
Missiles
 t - 3 boomerangs (quivered)
Armour
 c - a +0 buckler (worn)
 i - a +0 pair of gloves (worn)
 u - a +0 plate armour (worn)
Jewellery
 e - a ring of fire
 r - a ring of see invisible (left hand)
Wands
 n - a wand of charming (13)
 p - a wand of flame (6)
Scrolls
 g - a scroll of summoning {unknown}
 k - 5 scrolls of identify {unknown}
 l - a scroll of enchant armour {unknown}
 o - a scroll of brand weapon {unknown}
 v - a scroll of fog {unknown}
Potions
 b - a potion of mutation {unknown}
 d - a potion of might
 f - a potion of resistance {unknown}
 h - 2 potions of flight {unknown}
 j - 2 potions of heal wounds
 m - 2 potions of curing {unknown}
 q - a potion of ambrosia {unknown}
 s - a potion of degeneration {unknown}


   Skills:
 + Level 3.8 Fighting
 * Level 3.6 Axes
 + Level 3.4 Armour
 + Level 1.9 Dodging
 - Level 2.6 Shields


You had 4 spell levels left.
You didn't know any spells.
Your spell library contained the following spells:

 Spells                   Type           Power      Damage    Failure   Level
 Kiss of Death            Conj/Necr      0%         2d5       100%        1
 Confusing Touch          Hex            0%         N/A       100%        3
 Frozen Ramparts          Ice            0%         1d1       100%        3
 Dispel Undead            Necr           0%         3d6       100%        4
 Ice Form                 Ice/Tmut       0%         N/A       100%        4
 Summon Ice Beast         Ice/Summ       0%         N/A       100%        4


Dungeon Overview and Level Annotations

Branches:
Dungeon (4/15)
 Temple: D:4-7

Altars:
Hepliaklqana


Innate Abilities, Weirdness & Mutations

You have sharp fingernails.
You are partially covered in molten scales. (AC +2)


Message History

You feel as though you will be weak longer.
You block the gnoll bouda's attack. The gnoll hits you but does no damage.
You block the gnoll's attack.
The gnoll hits you from afar with a +0 halberd of venom!
You are more poisoned.
You are too injured to fight recklessly!
You are too injured to fight recklessly!
You are too injured to fight recklessly!
You are too injured to fight recklessly!
You are too injured to fight recklessly!
You are too injured to fight recklessly!
You are too injured to fight recklessly!
You are too injured to fight recklessly!
You are too injured to fight recklessly!
You are too injured to fight recklessly!
You are too injured to fight recklessly!
You are too injured to fight recklessly!
It was a potion of heal wounds.
You feel much better.
You feel extremely sick.
The gnoll bouda hits you but does no damage.
The gnoll hits you but does no damage. The gnoll hits you with a +0 flail.
The gnoll barely misses you.
You feel very sick.
The gnoll bouda gazes fiercely through you!
You feel as though you will be weak longer.
You feel very sick. The gnoll attacks as you move away!
The gnoll hits you but does no damage.
* * * LOW HITPOINT WARNING * * *
You feel very sick. The gnoll completely misses you.
* * * LOW HITPOINT WARNING * * *
You feel very sick. The gnoll attacks as you move away!
The gnoll hits you but does no damage.
The gnoll bouda attacks as you move away!
The gnoll bouda hits you with a +0 falchion.
* * * LOW HITPOINT WARNING * * *
x2 You feel sick.
The gnoll is no longer moving quickly.
The gnoll bouda barks out a call to the hunt!
The gnolls pick up the pace!
You die...

##### #...# ##### #...# ....#
#...# #..##...# ..####......####
........#......#######
.######.#...g.@......####
#.#.gg#.###.......#
#....g..###.##.#..# #.
##.g##..#...#....## #.####
##.)........#..########
##....###...###.#.............###
....#.##...####.....#.##.####...#
.....................)##....###.#
...........######.......###......


You could see a gnoll bouda and 3 gnolls.

Vanquished Creatures
  Natasha (thrice) (D:2)
  4 adders
  A gnoll (D:4)
  2 worms
  2 dart slugs
  3 orcs (D:4)
  2 ball pythons
  9 endoplasms
  3 giant cockroaches
  5 hobgoblins
  2 quokkas
  6 bats
  4 frilled lizards
  4 goblins
  4 kobolds
  8 rats
62 creatures vanquished.

Notes
Turn   | Place    | Note
-------+----------+-------------------------------------------
     0 | D:1      | mopl the Demonspawn Fighter began the quest for the Orb.
     0 | D:1      | Reached XP level 1. HP: 18/18 MP: 1/1
   110 | D:1      | Reached skill level 2 in Axes
   191 | D:1      | Found a faded altar of an unknown god.
   199 | D:1      | Gained mutation: You have sharp fingernails. [demonic
                  | ancestry]
   199 | D:1      | Reached XP level 2. HP: 23/24 MP: 2/2
   651 | D:2      | Noticed Natasha
   666 | D:2      | Killed Natasha
   667 | D:2      | Reached skill level 3 in Armour
   667 | D:2      | Reached skill level 1 in Dodging
   667 | D:2      | Reached XP level 3. HP: 6/29 MP: 3/3
   914 | D:2      | Noticed Natasha
   919 | D:2      | Killed Natasha
   920 | D:2      | Reached XP level 4. HP: 24/35 MP: 4/4
   920 | D:2      | Found a hazy altar of Hepliaklqana.
   997 | D:2      | Noticed Natasha
  1008 | D:2      | Killed Natasha
  1009 | D:2      | Reached skill level 3 in Axes
  1508 | D:3      | Gained mutation: You are partially covered in molten
                  | scales. (AC +2) [demonic ancestry]
  1508 | D:3      | Reached XP level 5. HP: 30/41 MP: 5/5
  2182 | D:4      | HP: 1/42 [poisoned by a gnoll]
  2183 | D:4      | Succumbed to a gnoll's poison

Illustrated notes

Levels and vault maps discovered:
D:1:      minmay_arrival_doors, layout_basic, ebering_ecumenical_altar_box,
          nicolae_concentric_dashed_squares_mild
D:2:      layout_rooms, basic_altar, minmay_misc_feat_pillars, uniq_natasha
D:3:      layout_basic, nicolae_elevator_lobby_plus
D:4:      layout_rooms

Skill      XL: |  1  2  3  4 |
---------------+-------------+-----
Axes           | 2 3 |  3.6
Armour         | 3 |  3.4
Dodging        | 1 |  1.9
Fighting       | |  3.8
Shields        | |  2.6

Action                     |  1- 3 |  4- 6 || total
---------------------------+-------+-------++-------
  Melee: War axe           |    57 |   124 ||   181
    Use: Potion            |       |     1 ||     1
 Armour: Scale mail        |    28 |    38 ||    66
         Plate armour      |       |    43 ||    43
  Dodge: Dodged            |    18 |    52 ||    70
  Block: Buckler           |    19 |    32 ||    51

Table legend: (Time is in decaauts)
 A = Elapsed time spent in this place.
 B = Non-inter-level travel time spent in this place.
 C = Inter-level travel time spent in this place.
 D = Time resting spent in this place.
 E = Time spent auto-exploring this place.
 F = Levels seen in this place.
 G = Mean time per level.
                   A        B        C        D        E       F      G
               +--------+--------+--------+--------+--------+-----+--------+
         Total |   2254 |   2219 |     35 |    228 |   1507 |   4 |  563.5 |
       Dungeon |   2254 |   2219 |     35 |    228 |   1507 |   4 |  563.5 |
               +--------+--------+--------+--------+--------+-----+--------+

Top non-repeatable levels by time:
     D:2: 760 daAuts
     D:1: 648 daAuts
     D:3: 612 daAuts
     D:4: 233 daAuts
